 Dungeon Crawl Stone Soup version 0.24.0-7-gb3623d2c88 (webtiles) character file.

Game seed: 5475429458630759832, levelgen mode: deterministic

205 mora the Vexing (level 5, 0/41 HPs)
             Began as a Gnoll Arcane Marksman on Nov 2, 2019.
             Slain by a bat (1 damage)
             ... on level 2 of the Dungeon.
             The game lasted 00:08:00 (4065 turns).

mora the Vexing (Gnoll Arcane Marksman)             Turns: 4065, Time: 00:08:00

Health: 0/41       AC:  6    Str: 13    XL:     5   Next: 83%
Magic:  9/9        EV: 13    Int: 16    God:
Gold:   92         SH:  0    Dex: 15    Spells: 7/10 levels left

rFire    . . .     SeeInvis .   a - +0 spear
rCold    . . .     Gourm    .   (no shield)
rNeg     . . .     Faith    .   l - +1 ring mail
rPois    .         Spirit   .   (no helmet)
rElec    .         Reflect  .   c - scarf {cloud immunity}
rCorr    .         Harm     .   (no gloves)
MR       .....                  (no boots)
Stlth    +.........             (no amulet)
HPRegen  0.13/turn              h - ring of flight
MPRegen  0.11/turn              (no ring)

@: no status effects
A: distributed training, fangs 1, strong nose
a: Evoke Flight


You were on level 2 of the Dungeon.
You were not hungry.

You visited 1 branch of the dungeon, and saw 3 of its levels.

You collected 92 gold pieces.

Inventory:

Hand Weapons
 a - a +0 spear (weapon)
 b - a +0 shortbow
 i - a +0 dagger
 q - a +0 club
Missiles
 d - 9 arrows
Armour
 c - a scarf of cloud immunity (worn)
 f - a +0 robe
 l - a +1 ring mail (worn)
Jewellery
 h - a ring of flight (left hand)
Scrolls
 u - 3 scrolls of remove curse
Potions
 g - a potion of magic
 m - a potion of brilliance
 o - a potion of degeneration {unknown}
Comestibles
 e - a ration
 j - 4 chunks of flesh


   Skills:
 + Level 3.0 Fighting
 + Level 1.6 Short Blades
 + Level 1.6 Long Blades
 + Level 1.6 Axes
 + Level 1.6 Maces & Flails
 + Level 1.6 Polearms
 + Level 1.6 Staves
 + Level 1.6 Slings
 + Level 4.8 Bows
 + Level 1.6 Crossbows
 + Level 1.6 Throwing
 + Level 1.6 Armour
 + Level 4.8 Dodging
 + Level 1.6 Stealth
 + Level 1.6 Shields
 + Level 1.6 Unarmed Combat
 + Level 3.2 Spellcasting
 + Level 1.3 Conjurations
 + Level 5.6 Hexes
 + Level 1.3 Charms
 + Level 1.3 Summonings
 + Level 1.3 Necromancy
 + Level 1.3 Translocations
 + Level 1.3 Transmutations
 + Level 1.3 Fire Magic
 + Level 1.3 Ice Magic
 + Level 1.3 Air Magic
 + Level 1.3 Earth Magic
 + Level 1.3 Poison Magic
 + Level 1.8 Invocations
 + Level 1.6 Evocations


You had 7 spell levels left.
You knew the following spells:

 Your Spells              Type           Power        Failure   Level  Hunger
a - Corona                Hex            ###....      4%          1    None
b - Slow                  Hex            ###.....     6%          2    ##.....

Your spell library contained the following spells:

 Spells                   Type           Power        Failure   Level  Hunger
 Inner Flame              Hex/Fire       ##......     28%         3    ###....
 Portal Projectile        Hex/Tloc       ##....       28%         3    ###....
 Cause Fear               Hex            ###.......   36%         4    ####...
 Leda's Liquefaction      Hex/Erth       ##........   67%         4    ####...


Dungeon Overview and Level Annotations

Branches:
Dungeon (3/15)

Altars:
Vehumet


Innate Abilities, Weirdness & Mutations

Your experience applies equally to all skills.
You have very sharp teeth.
Your uncanny sense of smell can sniff out nearby items.


Message History

You bite the orc priest, but do no damage.
The orc priest is heavily wounded.
The bat closely misses you. The orc priest closely misses you.
You barely miss the orc priest.
The orc priest is heavily wounded.
The bat misses you. The orc priest barely misses you.
You hit the orc priest.
You bite the orc priest, but do no damage.
The orc priest is severely wounded.
The bat hits you but does no damage. The orc priest misses you.
Your ring mail prevents you from hitting the orc priest.
The orc priest is severely wounded.
The bat hits you but does no damage.
The orc priest invokes the aid of Beogh against you.
Beogh smites you!
* * * LOW HITPOINT WARNING * * *
You hit the orc priest.
You kill the orc priest!
The bat hits you.
You die...

#.........# #.........#
#.........# #.........#
#.........# #.........#
#.........#
#.........#######################
...............[@........[.......
#..............)b).##############
#....)...........................
#####...............#############
#...............#
#...............#########
#.......................#
#####..............########.#
.......#..^##########...#.#.#


You could see a bat.

Vanquished Creatures
  2 orc priests (D:2)
  Natasha (thrice) (D:2)
  3 adders (D:2)
  3 worms (D:2)
  2 orcs (D:2)
  A giant cockroach (D:2)
  A goblin (D:2)
  7 hobgoblins
  5 kobolds
  9 bats
  A frilled lizard (D:2)
  4 rats
41 creatures vanquished.

Notes
Turn   | Place    | Note
-------+----------+-------------------------------------------
     0 | D:1      | mora the Gnoll Arcane Marksman began the quest for the Orb.
     0 | D:1      | Reached XP level 1. HP: 17/17 MP: 4/4
   244 | D:1      | Reached XP level 2. HP: 19/23 MP: 5/5
   325 | D:1      | Learned a level 2 spell: Slow
  1323 | D:2      | Reached XP level 3. HP: 26/28 MP: 7/7
  1417 | D:2      | Noticed Natasha
  1434 | D:2      | HP: 1/28 [Natasha/puff of flame (7)]
  1436 | D:2      | Killed Natasha
  1436 | D:2      | Reached skill level 1 in Short Blades
  1436 | D:2      | Reached skill level 1 in Long Blades
  1436 | D:2      | Reached skill level 1 in Axes
  1436 | D:2      | Reached skill level 1 in Maces & Flails
  1436 | D:2      | Reached skill level 1 in Polearms
  1436 | D:2      | Reached skill level 1 in Staves
  1436 | D:2      | Reached skill level 1 in Slings
  1436 | D:2      | Reached skill level 1 in Crossbows
  1436 | D:2      | Reached skill level 1 in Throwing
  1436 | D:2      | Reached skill level 1 in Armour
  1436 | D:2      | Reached skill level 1 in Stealth
  1436 | D:2      | Reached skill level 1 in Shields
  1436 | D:2      | Reached skill level 1 in Unarmed Combat
  1436 | D:2      | Reached skill level 1 in Invocations
  1436 | D:2      | Reached skill level 1 in Evocations
  1760 | D:2      | Noticed Natasha
  1766 | D:2      | Killed Natasha
  1766 | D:2      | Reached XP level 4. HP: 31/34 MP: 8/8
  1771 | D:2      | Noticed Natasha
  2041 | D:3      | Found a radiant altar of Vehumet.
  2128 | D:2      | Reached skill level 1 in Conjurations
  2128 | D:2      | Reached skill level 1 in Charms
  2128 | D:2      | Reached skill level 1 in Summonings
  2128 | D:2      | Reached skill level 1 in Necromancy
  2128 | D:2      | Reached skill level 1 in Translocations
  2128 | D:2      | Reached skill level 1 in Transmutations
  2128 | D:2      | Reached skill level 1 in Fire Magic
  2128 | D:2      | Reached skill level 1 in Ice Magic
  2128 | D:2      | Reached skill level 1 in Air Magic
  2128 | D:2      | Reached skill level 1 in Earth Magic
  2128 | D:2      | Reached skill level 1 in Poison Magic
  2621 | D:2      | Killed Natasha
  2621 | D:2      | Reached XP level 5. HP: 14/40 MP: 6/9
  4064 | D:2      | HP: 1/41 [orc priest/divine providence (12)]
  4065 | D:2      | Slain by a bat

Levels and vault maps discovered:
D:1:      dpeg_chamrin_arrival_tetris, layout_basic, serial_bayou_lake_a
D:2:      layout_basic, first_ration, uniq_natasha
D:3:      layout_loops_ring, fiery_altar_vehumet

Skill      XL: |  1  2  3  4  5 |
---------------+----------------+-----
Short Blades   | 1 |  1.6
Long Blades    | 1 |  1.6
Axes           | 1 |  1.6
Maces & Flails | 1 |  1.6
Polearms       | 1 |  1.6
Staves         | 1 |  1.6
Slings         | 1 |  1.6
Crossbows      | 1 |  1.6
Throwing       | 1 |  1.6
Armour         | 1 |  1.6
Stealth        | 1 |  1.6
Shields        | 1 |  1.6
Unarmed Combat | 1 |  1.6
Invocations    | 1 |  1.8
Evocations     | 1 |  1.6
Spellcasting   | 3 |  3.2
Conjurations   | 1 |  1.3
Charms         | 1 |  1.3
Summonings     | 1 |  1.3
Necromancy     | 1 |  1.3
Translocations | 1 |  1.3
Transmutations | 1 |  1.3
Fire Magic     | 1 |  1.3
Ice Magic      | 1 |  1.3
Air Magic      | 1 |  1.3
Earth Magic    | 1 |  1.3
Poison Magic   | 1 |  1.3
Fighting       | 3 |  3.0
Bows           | |  4.8
Dodging        | |  4.8
Hexes          | |  5.6

Action                   |  1- 3 |  4- 6 || total
-------------------------+-------+-------++-------
Melee: Club              |    55 |    28 ||    83
       Bite              |     3 |    27 ||    30
       Dagger            |       |   140 ||   140
       Spear             |       |    60 ||    60
       Punch             |       |     1 ||     1
 Fire: Shortbow          |    49 |    17 ||    66
Throw: Throwing net      |       |     2 ||     2
 Cast: Slow              |       |     1 ||     1
       Corona            |       |     1 ||     1
  Use: Scroll            |       |     7 ||     7
       Potion            |       |     3 ||     3
 Stab: Held in net/web   |       |     1 ||     1
       Sleeping          |       |     1 ||     1
  Eat: Chunk             |     2 |     2 ||     4
       Ration            |       |     2 ||     2
Armor: Robe              |     1 |       ||     1
       Ring mail         |    39 |    64 ||   103
Dodge: Dodged            |    80 |   164 ||   244
